 Dungeon Crawl Stone Soup version 0.17.1-3-g152610e (webtiles) character file.

108 Shtopit the Shield-Bearer (level 4, 0/29 HPs)
             Began as a Gargoyle Fighter on May 4, 2016.
             Was an Initiate of Qazlal.
             Slain by an adder (2 damage)
             ... on level 4 of the Dungeon.
             The game lasted 00:07:32 (2229 turns).

Shtopit the Shield-Bearer (Gargoyle Fighter)        Turns: 2229, Time: 00:07:32

Health: 0/29       AC: 11    Str: 21    XL:     4   Next: 87%
Magic:  4/4        EV:  8    Int:  8    God:    Qazlal [......]
Gold:   227        SH: 10    Dex:  9    Spells: 0 memorised, 3 levels left

rFire  . . .     SeeInvis .     a - +1 flail
rCold  . . .     Clarity  .     b - +0 scale mail
rNeg   + . .     SustAt   .     c - +1 shield
rPois  ∞         Gourm    .     (no helmet)
rElec  +         Spirit   .     u - +0 cloak
rCorr  .         Warding  .     (no gloves)
rMut   .         Stasis   .     (no boots)
MR     .....                    (no amulet)
Stlth  ..........               (no ring)
                                (no ring)

@: not resistant to hostile enchantments, extremely unstealthy
A: negative energy resistance 1, electricity resistance, unbreathing,
petrification resistance, rot immunity, AC +3
a: Renounce Religion


You were on level 4 of the Dungeon.
You worshipped Qazlal.
Qazlal was noncommittal.
You were not hungry.

You visited 1 branch of the dungeon, and saw 4 of its levels.

You collected 227 gold pieces.

Inventory:

Hand Weapons
 a - a +1 flail (weapon)
 j - the cursed +0 dagger of the Desert {flame, rC++ rN+++ Str-4, unknown}
   (You found it on level 4 of the Dungeon)

   It has been specially enchanted to burn those struck by it, causing extra
   injury to most foes and up to half again as much damage against particularly
   susceptible opponents.
   It affects your strength (-4).
   It greatly protects you from cold.
   It renders you almost immune to negative energy.
   It has a curse placed upon it.
Missiles
 s - 12 poisoned needles
Armour
 b - a +0 scale mail (worn)
 c - a +1 shield (worn)
 u - a +0 cloak (worn)
Jewellery
 D - an uncursed ring of ice {unknown}
 E - an uncursed amulet of the gourmand
Scrolls
 f - 2 scrolls of recharging
 h - a scroll of remove curse
 m - 3 scrolls of identify
 r - a scroll of enchant armour
Potions
 d - a potion of might
 g - a potion of agility {unknown}
 k - a potion of brilliance {unknown}
 l - a potion of curing {unknown}
 q - a potion of lignification {unknown}
 x - a potion of heal wounds {unknown}
 z - a potion of flight {unknown}
 A - a potion of mutation {unknown}
 B - a potion of degeneration {unknown}
 C - a potion of cancellation
Books
 t - a Fen Folio

   Spells                             Type                      Level
   a - Corpse Rot                     Necromancy                   2
   b - Stone Arrow                    Conjuration/Earth            3
   c - Leda's Liquefaction            Hexes/Earth                  4
   d - Summon Forest                  Summoning/Translocation      5
   e - Hydra Form                     Transmutation                6
   f - Summon Hydra                   Summoning                    7
Comestibles
 e - 3 bread rations
 i - a slice of pizza
 n - a royal jelly
 o - 2 beef jerkies
 p - 3 meat rations


   Skills:
 + Level 3.9 Fighting
 + Level 2.3 Maces & Flails
 + Level 3.7 Armour
 + Level 1.5 Dodging
 + Level 4.3 Shields


You had 3 spell levels left.
You didn't know any spells.

Dungeon Overview and Level Annotations

Branches:
Dungeon (4/15)
 Temple: D:4-7

Altars:
Gozag
Qazlal
Yredelemnul


Innate Abilities, Weirdness & Mutations

You are resistant to torment.
Your stone body is resilient (AC +3).
You are immune to poison.
You resist negative energy.
You are resistant to electric shocks.
You can survive without breathing.
You are immune to petrification.
You are immune to rotting.


Message History

The adder is lightly wounded.
The phantom hits you.
* * * LOW HITPOINT WARNING * * *
The adder bites you.
* * * LOW HITPOINT WARNING * * *
You block the adder's attack. The adder closely misses you.
The phantom hits you but does no damage.
You block the adder's attack. The adder bites you.
* * * LOW HITPOINT WARNING * * *
The phantom blinks!
The adder bites you but does no damage. The adder bites you.
* * * LOW HITPOINT WARNING * * *
Drink which item? (? for menu, Esc to quit)
It was a potion of cancellation.
You feel magically purged. The adder bites you but does no damage.
You block the phantom's attack.
Read which item? (? for menu, Esc to quit)
Okay, then.
The adder bites you.
You die...

.....#.........##
.#..............#
.##........%.(..##
.###.............#
.###.............##
..#...............#
..#...............##
...................#
...............S@..#
>..................##
..........)...W>....#
..................###
.##.)...........###
####.........#...#
##.............#
##########.##.# ###
##


You could see a phantom and an adder.

Vanquished Creatures
  4 adders (D:2)
  2 oozes (D:1)
  A worm (D:2)
  A giant gecko (D:1)
  2 orcs
  7 bats
  A giant cockroach (D:1)
  2 gnoll zombies (D:2)
  8 goblins
  3 hobgoblins
  5 kobolds
  3 quokkas (D:2)
  A ball python (D:3)
  16 giant newts
  8 rats
64 creatures vanquished.

Notes
Turn   | Place    | Note
--------------------------------------------------------------
     0 | D:1      | Shtopit the Gargoyle Fighter began the quest for the Orb.
     0 | D:1      | Reached XP level 1. HP: 14/14 MP: 1/1
   114 | D:1      | Reached XP level 2. HP: 14/19 MP: 2/2
   433 | D:1      | Reached XP level 3. HP: 24/24 MP: 3/3
   814 | D:2      | Reached skill level 1 in Dodging
   877 | D:2      | Reached skill level 4 in Shields
   934 | D:2      | Reached XP level 4. HP: 26/29 MP: 4/4
  1311 | D:2      | Found a basalt altar of Yredelemnul.
  1345 | D:2      | Found an opulent altar of Gozag.
  1831 | D:3      | Found a stormy altar of Qazlal.
  2113 | D:3      | Became a worshipper of Qazlal Stormbringer
  2172 | D:4      | Got a faintly glowing dagger
  2180 | D:4      | Noticed a phantom
  2226 | D:4      | HP: 1/29 [adder (3)]
  2229 | D:4      | Slain by an adder

Action                   |  1- 3 |  4- 6 || total
-------------------------+-------+-------++-------
Melee: Flail             |   166 |   107 ||   273
  Use: Scroll            |       |    10 ||    10
       Potion            |       |     1 ||     1
  Eat: Chunk             |     1 |     4 ||     5
